 Dungeon Crawl Stone Soup version 0.27.1-34-g3ba077fa99 (webtiles) character file.

Game seed: 7764226021537232286

94570 comborobin the Severer (level 15, -18/136 HPs)
             Began as a Vampire Delver on Jan 8, 2022.
             Was the Champion of Cheibriados.
             Killed from afar by a tengu reaver (36 damage)
             ... with a bolt of acid
             ... on level 15 of the Dungeon.
             The game lasted 00:39:39 (24219 turns).

comborobin the Severer (Vampire Delver)            Turns: 24219, Time: 00:39:39

Health: -18/136    AC: 36    Str: 27      XL:     15   Next: 63%
Magic:  21/25      EV: 19    Int: 32 (34) God:    Cheibriados [******]
Gold:   2105       SH:  0    Dex: 33      Spells: 15/28 levels left

rFire    + . .     SeeInvis +   b - +1 war axe (vamp)
rCold    . . .     Faith    .   (no shield)
rNeg     + + .     Spirit   .   (armour currently unavailable)
rPois    ∞         Reflect  .   i - +0 helmet
rElec    +         Harm     .   p - +2 cloak
rCorr    .         Rampage  .   (gloves currently unavailable)
Will     +....                  (boots currently unavailable)
Stlth    ++........             Z - amulet of regeneration
HPRegen  1.52/turn              M - ring of Ynaeh {rF+ rN+ Int+5}
MPRegen  0.19/turn              u - +4 ring of protection

@: confused, statue-form, very slightly contaminated, healing quickly, very slow
A: slow and powerful, torment resistance 1, boosted hp, alive, fangs 3, see
invisible, vampiric 2, (iridescent scales 1), weak 1
a: Exsanguinate, End Transformation, Renounce Religion, Bend Time, Temporal
Distortion, Slouch, Step From Time


You were on level 15 of the Dungeon.
You worshipped Cheibriados.
Cheibriados was exalted by your worship.
You were a living statue of rough stone.
You visited 4 branches of the dungeon, and saw 23 of its levels.
You also visited: Ice Cave.

You collected 2991 gold pieces.
You spent 886 gold pieces at shops.

Inventory:

Hand Weapons
 a - the +10 broad axe of Kaqae {protect, rC+ Will++}
   (You bought it in a shop on level 6 of the Dungeon)

   It grants its wielder temporary protection when it strikes (+7 to AC).
   rC:        It protects you from cold.
   Will:      It greatly increases your willpower.
 b - a +1 vampiric war axe (weapon)
 s - a +1 scimitar of flaming
 B - a +2 halberd of freezing
 N - the +1 broad axe "Vitenu" {vorpal, Str+8 Dex+2 Stlth+}
   (You took it off an orc on level 8 of the Dungeon)

   It inflicts extra damage upon your enemies.
   Str:       It affects your strength (+8).
   Dex:       It affects your dexterity (+2).
   Stlth:     It makes you more stealthy.
 S - a +1 war axe of flaming
Missiles
 h - 141 poisoned darts (quivered)
 z - 6 throwing nets
Armour
 i - a +0 helmet (worn)
 k - the +0 pair of boots of Demons (melded) {rF+}
   (You found it on level 6 of the Lair of Beasts)

   rF:        It protects you from fire.
 p - a +2 cloak (worn)
 v - a +2 robe of resistance
 K - a +1 pair of gloves (melded)
 O - a +3 scale mail of fire resistance
 Q - a +2 tower shield of cold resistance
 R - a +0 troll leather armour (melded)
Magical Staves
 n - a staff of poison
Jewellery
 m - a ring of resist corrosion
 u - a +4 ring of protection (right fist)
 w - a ring of flight
 A - a ring of positive energy
 C - the ring of Oenomania {Wiz *Corrode Fly rN+++ Str-3}
   (You took it off a wight on level 8 of the Dungeon)

   [ring of wizardry]

   It improves your spell success rate.
   Str:       It affects your strength (-3).
   rN:        It renders you almost immune to negative energy.
   Fly:       It grants you flight.
   *Corrode:  It may corrode you when you take damage.
 M - the ring of Ynaeh (left fist) {rF+ rN+ Int+5}
   (You found it on level 14 of the Dungeon)

   [ring of positive energy]

   Int:       It affects your intelligence (+5).
   rF:        It protects you from fire.
   rN:        It protects you from negative energy.
 P - a ring of protection from cold
 V - an amulet of reflection
 Z - an amulet of regeneration (around neck)
Wands
 f - a wand of digging (11)
 r - a wand of charming (6)
 t - a wand of paralysis (5)
 T - a wand of iceblast (9)
Scrolls
 d - 4 scrolls of fear
 j - 16 scrolls of identify
 q - 2 scrolls of amnesia
 x - 5 scrolls of teleportation
 y - 2 scrolls of magic mapping
 F - a scroll of brand weapon
 H - 3 scrolls of fog
 I - 3 scrolls of enchant armour
 L - 4 scrolls of summoning
Potions
 c - a potion of mutation
 o - 7 potions of curing
 D - a potion of ambrosia
 E - a potion of magic
 J - a potion of brilliance
 U - 3 potions of lignification
 W - 3 potions of flight
 Y - a potion of cancellation
Miscellaneous
 X - a phantom mirror


   Skills:
 - Level 6.2 Fighting
 + Level 16.2(17.0) Axes
 - Level 9.2(13.7) Polearms
 - Level 5.9 Dodging
 - Level 7.2 Stealth
 - Level 2.1 Unarmed Combat
 - Level 7.0 Spellcasting
 - Level 12.0 Transmutations
 - Level 6.0 Air Magic
 - Level 10.0 Earth Magic
 - Level 4.0 Poison Magic
 - Level 7.0 Invocations


You had 15 spell levels left.
You knew the following spells:

 Your Spells              Type           Power      Damage    Failure   Level
a - Storm Form            Tmut/Air       31%        N/A       65%         7
T - Statue Form           Tmut/Erth      46%        N/A       7%          6

Your spell library contained the following spells:

 Spells                   Type           Power      Damage    Failure   Level
 Sting                    Tmut/Pois      100%       1d8       1%          1
 Poisonous Vapours        Pois/Air       86%        N/A       1%          2
 Ignite Poison            Fire/Tmut/Pois 45%        N/A       1%          3
 Petrify                  Tmut/Erth      69%        N/A       1%          4
 Mephitic Cloud           Conj/Pois/Air  32%        N/A       3%          3
 Apportation              Tloc           22%        N/A       4%          1
 Foxfire                  Conj/Fire      44%        2x1d6     4%          1
 Freeze                   Ice            44%        1d6       4%          1
 Magic Dart               Conj           44%        1d5       4%          1
 Blink                    Tloc           N/A        N/A       6%          2
 Call Imp                 Summ           11%        N/A       6%          2
 Olgreb's Toxic Radiance  Pois           36%        N/A       8%          4
 Conjure Flame            Conj/Fire      11%        6-21      12%         3
 Gell's Gravitas          Tloc           5%         N/A       12%         3
 Inner Flame              Hex/Fire       11%        N/A       12%         3
 Lesser Beckoning         Tloc           5%         N/A       12%         3
 Teleport Other           Tloc           11%        N/A       12%         3
 Sticky Flame             Conj/Fire      11%        2d3       38%         4
 Manifold Assault         Tloc           11%        N/A       75%         5
 Metabolic Englaciation   Hex/Ice        5%         N/A       75%         5
 Conjure Ball Lightning   Conj/Air       15%        3x3d6     88%         6
 Dispersal                Tloc           5%         N/A       99%         6
 Discord                  Hex            5%         N/A       100%        8
 Disjunction              Tloc           5%         N/A       100%        8


Dungeon Overview and Level Annotations

Branches:
Dungeon (15/15)            Temple (1/1) D:5            Lair (6/6) D:9
 Shoals (0/4) Lair:3        Snake (0/4) Lair:3        Slime (0/5) Lair:6
    Orc (0/2) D:9          Vaults (0/5) D:14         Depths (1/5) D:15
  IceCv (visited)

Altars:
Ashenzari
Cheibriados
Dithmenos
Elyvilon
Fedhas
Gozag
Hepliaklqana
Kikubaaqudgha
Makhleb
Nemelex Xobeh
Okawaru
Qazlal
Ru
Sif Muna
Trog
Uskayaw
Vehumet
Wu Jian
Xom
Yredelemnul
Zin
The Shining One
Jiyva

Shops:
D:3 :   D:6 (   D:9 [([

Annotations:
D:12 2 exclusions, Jorgrun
Lair:3 exclusions: hydra, komodo dragon and 4 oklob plants
Lair:4 exclusion: lindwurm, Rupert


Innate Abilities, Weirdness & Mutations

You are a living statue of rough stone.
Your actions are slow, but your melee attacks are powerful.
You are resistant to unholy torment.
Your maximum health is greatly increased.
You are immune to poison.
Your equipment is partially melded.
Your natural rate of healing is accelerated.
You have razor-sharp teeth.
You have supernaturally acute eyesight. (SInv)
You are afflicted with vampirism and can become a bat while bloodless.
((You are partially covered in iridescent scales. (AC +2)))
You are weak. (Str -2)


Message History

Unknown command.
Unknown command.
You feel much better.
You flicker back into view.
The necromancer simulacrum hits you but does no damage.
The tengu reaver hits you with a +3 battleaxe of electrocution!
* * * LOW HITPOINT WARNING * * *
The tengu reaver closely misses you. The tengu reaver claws you.
* * * LOW HITPOINT WARNING * * *
The necromancer simulacrum hits you but does no damage.
Unknown command.
Unknown command.
Okay, then.
Unknown command.
Unknown command.
As you read the scroll of fear, it crumbles to dust.
You assume a fearsome visage.
The withered plant is unaffected.
The glowing orange brain resists with some effort.
The tengu reaver easily resists.
The necromancer simulacrum is unaffected.
The withered plant is unaffected.
The tengu reaver hits you with a +3 battleaxe of electrocution!
* * * LOW HITPOINT WARNING * * *
The tengu reaver pecks you but does no damage.
The tengu reaver misses you.
The glowing orange brain blinks!
The necromancer simulacrum closely misses you.
The tengu reaver misses you.
The tengu reaver pecks you but does no damage.
The tengu reaver claws you.
* * * LOW HITPOINT WARNING * * *
Blink to where?
Press: ? - help, Dir - move target
As you read the scroll of blinking, it crumbles to dust.
The glowing orange brain pulsates.
You are confused.
Unknown command.
Unknown command.
The tengu reaver casts a spell at you. The bolt of acid hits you!!!
You die...

######## #####......##
##...........##
##.............#
#....P...88.8..########
####.....................##
..([.8...8...Z..8...#.....#
###(....88.......G###..####
# #.......§Q.88...##..## #
##...8.(.......###.## ##
#.............#..## #.
#...P....8.......# ## #
#.....8..........## # ##
##..........8.....#######
.##
##..8......###.=.......#


You could see a tengu reaver (soul bound), a glowing orange brain and a
necromancer simulacrum.

Vanquished Creatures
  2 stone giants
  The ghost of wrhowe the Spear-Bearer, a journeyman MiBe of Trog (D:15)
  3 spark wasps (D:15)
  An ettin (Depths:1)
  Josephine (Lair:5)
  3 jiangshi
  A great orb of eyes (Depths:1)
  Harold (D:7)
  2 death knights
  5 hydras
  4 boulder beetles
  6 centaur warriors
  9 two-headed ogres
  2 catoblepae
  A dancing weapon (D:15)
  A tengu warrior (D:14)
  4 death yaks (Lair:6)
  A deep troll shaman (Lair:6)
  2 deep troll earth magi
  Urug (Lair:5)
  4 skeletal warriors
  3 deep trolls
  A flayed ghost (D:15)
  A phantasmal warrior (D:15)
  A golden dragon skeleton (D:15)
  2 bog bodies (IceCv)
  3 deep elf pyromancers
  20 ugly things
  A harpy (shapeshifter) (D:14)
  An oklob plant (Lair:5)
  2 necromancers (D:15)
  A stone giant zombie (D:15)
  2 manticores
  7 cyclopes
  Maurice (D:11)
  3 merfolk sirens (Lair:3)
  5 elephants (Lair:6)
  An ice statue (IceCv)
  4 black mambas
  A stone giant skeleton (D:15)
  6 cane toads
  3 gargoyles
  5 rime drakes
  6 komodo dragons
  Maggie (D:7)
  5 freezing wraiths
  An anaconda simulacrum (IceCv)
  6 kobold demonologists
  A tengu conjurer (D:14)
  An efreet (D:8)
  A guardian mummy (D:15)
  3 trolls
  6 polar bears
  A merfolk (Lair:3)
  A deep troll zombie (D:15)
  A slime creature (D:8)
  5 blink frogs (Lair:4)
  A dream sheep (shapeshifter) (D:14)
  5 dream sheep (Lair:6)
  Sigmund (D:5)
  2 wyverns
  3 shadows
  7 wraiths
  30 yaks
  2 dire elephant simulacra (IceCv)
  A hog (shapeshifter) (D:14)
  A steam dragon (shapeshifter) (D:14)
  3 basilisks
  A steam dragon (D:9)
  3 nagas (Lair:3)
  A death yak simulacrum (IceCv)
  7 vampire mosquitoes
  A harpy simulacrum (IceCv)
  An acid dragon (D:13)
  Duvessa (D:6)
  10 water moccasins
  An ice beast (D:8)
  A black bear (shapeshifter) (D:14)
  2 black bears
  31 wolves
  A necrophage (D:7)
  5 orc warriors
  7 ogres
  12 centaurs
  8 kobold brigands
  12 bullfrogs
  A gnoll sergeant (D:12)
  A cane toad simulacrum (IceCv)
  A wyvern zombie (D:5)
  Dowan (D:6)
  8 two-headed ogre simulacra (IceCv)
  An elephant simulacrum (IceCv)
  A wight (D:8)
  17 killer bees
  5 electric eels
  6 howler monkeys
  A bullfrog zombie (D:6)
  3 centaur zombies
  A crimson imp (D:9)
  2 jellies
  6 hounds
  A bullfrog skeleton (D:7)
  11 orc priests
  Crazy Yiuf (D:2)
  6 orc wizards
  A scorpion zombie (D:5)
  4 polar bear simulacra (IceCv)
  2 hell rats (Lair:6)
  5 spriggan simulacra (IceCv)
  4 troll simulacra (IceCv)
  A wolf simulacrum (IceCv)
  3 howler monkey zombies
  12 gnolls
  9 adders
  A howler monkey skeleton (D:4)
  6 naga simulacra (IceCv)
  11 river rats (Lair:6)
  A shadow imp (D:8)
  10 white imps
  3 ufetubi (IceCv)
  An adder zombie (D:5)
  4 worms
  A dart slug (D:1)
  32 orcs
  7 endoplasms
  6 giant cockroaches
  9 goblins
  6 hobgoblins
  8 jackals
  20 kobolds
  3 quokkas
  6 ball pythons
  2 bats
  A frilled lizard (D:1)
  5 rats
587 creatures vanquished.

Vanquished Creatures (others)
  A tengu warrior (Depths:1)
  A necromancer (Depths:1)
  An orc priest (D:8)
  23 fungi
  44 plants
  13 withered plants (D:15)
83 creatures vanquished.

Grand Total: 670 creatures vanquished

Notes
Turn   | Place    | Note
-------+----------+-------------------------------------------
     0 | D:5      | comborobin the Vampire Delver began the quest for the Orb.
     0 | D:5      | Reached XP level 1. HP: 17/17 MP: 1/1
    97 | D:5      | Noticed a black bear
   111 | D:4      | Reached skill level 1 in Polearms
   111 | D:4      | Reached XP level 2. HP: 16/23 MP: 2/2
   314 | D:4      | Gained mutation: You are afflicted with vampirism and can
                  | become a bat while bloodless. [Vampire growth]
   314 | D:4      | Reached XP level 3. HP: 28/28 MP: 3/3
   405 | D:4      | Identified the +1 leather armour "Dail" {rElec rF- Str+4
                  | Int+5}
   948 | D:5      | Noticed Sigmund
   956 | D:5      | Killed Sigmund
   957 | D:5      | Reached skill level 5 in Polearms
   957 | D:5      | Reached XP level 4. HP: 21/34 MP: 4/4
   957 | D:5      | Reached XP level 5. HP: 24/39 MP: 5/5
  1011 | D:5      | Reached XP level 6. HP: 29/46 MP: 6/6
  1032 | D:5      | Found a staircase to the Ecumenical Temple.
  1057 | Temple   | Entered the Ecumenical Temple
  1500 | D:5      | Reached XP level 7. HP: 51/51 MP: 7/7
  2364 | D:3      | Found Tomoicwa's Book Boutique.
  3050 | D:2      | Found a runed translucent door.
  3051 | D:2      | Noticed Crazy Yiuf
  3714 | D:2      | Killed Crazy Yiuf
  4657 | D:6      | Noticed Duvessa
  4657 | D:6      | Noticed Dowan
  4913 | D:6      | Killed Duvessa
  4914 | D:6      | Reached XP level 8. HP: 42/57 MP: 8/8
  4918 | D:6      | Killed Dowan
  5074 | D:6      | Found Notzynup's Antique Weapon Emporium.
  5083 | D:6      | Bought a pitted broad axe for 216 gold pieces
  5083 | D:6      | Identified the +10 broad axe of Kaqae {protect, rC+ Will++}
                  | (You bought it in a shop on level 6 of the Dungeon)
  5244 | D:6      | Got A Beginning Course on Sorcery
  5285 | D:6      | Reached skill level 1 in Axes
  5381 | D:6      | Found a shimmering blue altar of Sif Muna.
  5527 | D:7      | Noticed Maggie
  5535 | D:7      | Killed Maggie
  5536 | D:7      | Reached skill level 3 in Axes
  5666 | D:7      | Noticed Harold
  5674 | D:7      | Reached skill level 4 in Axes
  5689 | D:7      | Killed Harold
  5690 | D:7      | Reached skill level 6 in Axes
  5690 | D:7      | Reached XP level 9. HP: 26/64 MP: 9/9
  6029 | D:7      | Learned a level 7 spell: Storm Form
  6385 | D:7      | Reached skill level 7 in Axes
  6704 | D:8      | Noticed a centaur warrior
  6713 | D:8      | Noticed an efreet
  6736 | D:8      | Killed a centaur warrior
  6737 | D:8      | Reached skill level 8 in Axes
  6742 | D:8      | Killed an efreet
  6848 | D:8      | Reached XP level 10. HP: 59/71 MP: 10/10
  6868 | D:8      | Noticed a gargoyle
  6881 | D:8      | Killed a gargoyle
  6882 | D:8      | Reached skill level 9 in Axes
  7118 | D:8      | Identified the ring of Oenomania {Wiz *Corrode Fly rN+++
                  | Str-3}
  7348 | D:8      | Noticed a two-headed ogre
  7358 | D:8      | Killed a two-headed ogre
  7359 | D:8      | Reached skill level 10 in Axes
  7498 | D:8      | Found a bloodstained altar of Trog.
  7563 | D:8      | Identified the +1 broad axe "Vitenu" {vorpal, Str+8 Dex+2
                  | Stlth+}
  7563 | D:8      | Identified the ring "Ifaax" {Fire Dex+4}
  7657 | D:8      | Identified the +1 ring mail of Entitlement {rElec rF-
                  | Str+3}
  8442 | D:9      | Found Oniumask's Armour Emporium.
  8444 | D:9      | Found a staircase to the Orcish Mines.
  8445 | D:9      | Found Liregg Hiyq's Weapon Emporium.
  8626 | D:9      | Noticed a boulder beetle
  8639 | D:9      | Killed a boulder beetle
  8644 | D:9      | Noticed a gargoyle
  8644 | D:9      | Noticed a cyclops
  8650 | D:9      | Noticed a white ugly thing
  8653 | D:9      | Noticed a catoblepas
  8654 | D:9      | Killed a cyclops
  8655 | D:9      | Reached skill level 11 in Axes
  8671 | D:9      | Killed a white ugly thing
  8672 | D:9      | Reached skill level 5 in Fighting
  8672 | D:9      | Killed a gargoyle
  8673 | D:9      | Reached XP level 11. HP: 42/79 MP: 11/11
  8949 | D:9      | Found a snail-covered altar of Cheibriados.
  8966 | D:9      | Became a worshipper of Cheibriados the Contemplative
  9004 | D:9      | Found a staircase to the Lair.
  9408 | D:9      | Found a shimmering altar of Xom.
  9543 | D:9      | Reached * piety under Cheibriados
  9798 | D:9      | Found Ynoetryff's Antique Armour Shop.
  9807 | D:9      | Bought a pair of embroidered gloves for 202 gold pieces
  9859 | D:9      | Found a radiant altar of Vehumet.
  9869 | D:9      | Reached skill level 1 in Invocations
  9957 | D:9      | Found a burning altar of Makhleb.
 10367 | D:10     | Entered Level 10 of the Dungeon
 10385 | D:10     | Reached skill level 5 in Dodging
 10841 | D:10     | Reached ** piety under Cheibriados
 10864 | D:10     | Identified a scroll of acquirement
 10864 | D:10     | Acquired a manual of Axes
 11043 | D:10     | Acquired 1208 gold pieces
 11339 | D:3      | Bought a book of Sloth for 468 gold pieces
 11515 | Lair:1   | Entered Level 1 of the Lair of Beasts
 11754 | Lair:1   | Reached skill level 12 in Axes
 11758 | Lair:1   | Reached skill level 1 in Spellcasting
 12460 | Lair:2   | Learned a level 6 spell: Statue Form
 12471 | Lair:2   | Reached skill level 1 in Transmutations
 12523 | Lair:2   | Noticed an eight-headed hydra
 12536 | Lair:2   | Killed a two-headed hydra
 12537 | Lair:2   | Reached skill level 1 in Poison Magic
 12584 | Lair:2   | Reached *** piety under Cheibriados
 13117 | Lair:3   | Reached XP level 12. HP: 73/88 MP: 14/14
 13181 | Lair:3   | Reached skill level 5 in Transmutations
 13522 | Lair:3   | Found a staircase to the Shoals.
 13527 | Lair:3   | Reached **** piety under Cheibriados
 13669 | Lair:3   | Found a staircase to the Snake Pit.
 13869 | Lair:3   | Noticed a five-headed hydra
 14372 | Lair:4   | Reached skill level 1 in Earth Magic
 14539 | Lair:4   | Reached ***** piety under Cheibriados
 14550 | Lair:4   | Noticed a seven-headed hydra
 14571 | Lair:4   | Killed a two-headed hydra
 14590 | Lair:4   | Identified the +0 scale mail of the Iron City of Dis {Will+
                  | Str+3}
 14618 | Lair:4   | Found a frozen archway.
 14632 | IceCv    | Entered an ice cave
 15470 | IceCv    | Reached XP level 13. HP: 62/93 MP: 19/19
 15480 | IceCv    | Reached skill level 10 in Transmutations
 16164 | IceCv    | Gained mutation: You are partially covered in large bone
                  | plates. (SH +4) [potion of mutation]
 16164 | IceCv    | Gained mutation: Armour fits poorly on your strangely
                  | shaped body. [potion of mutation]
 16165 | IceCv    | Lost mutation: You are partially covered in large bone
                  | plates. (SH +4) [potion of mutation]
 16165 | IceCv    | Lost mutation: Armour fits poorly on your strangely shaped
                  | body. [potion of mutation]
 16165 | IceCv    | Gained mutation: You are partially covered in iridescent
                  | scales. (AC +2) [potion of mutation]
 16165 | IceCv    | Gained mutation: You are weak. (Str -2) [potion of
                  | mutation]
 16537 | Lair:4   | Noticed Rupert
 16937 | Lair:5   | Reached skill level 5 in Earth Magic
 17132 | Lair:5   | Reached ****** piety under Cheibriados
 17259 | Lair:5   | Reached skill level 5 in Spellcasting
 17385 | Lair:5   | Noticed Josephine
 17396 | Lair:5   | Killed Josephine
 17536 | Lair:5   | Noticed Urug
 17546 | Lair:5   | Killed Urug
 17902 | Lair:6   | Entered Level 6 of the Lair of Beasts
 18339 | Lair:6   | Found a viscous altar of Jiyva.
 18546 | Lair:6   | Found a staircase to the Slime Pits.
 18747 | Lair:6   | Identified the +0 pair of boots of Demons {rF+}
 19227 | D:11     | Noticed Maurice
 19243 | D:11     | Killed Maurice
 19449 | D:11     | Identified the +11 hunting sling "Widowmaker" {freeze,
                  | rCorr SInv}
 20370 | D:12     | Reached XP level 14. HP: 100/100 MP: 17/21
 20488 | D:12     | Reached skill level 10 in Earth Magic
 20600 | D:12     | Reached skill level 5 in Invocations
 21233 | D:12     | Noticed Jorgrun
 21589 | D:13     | Reached skill level 1 in Air Magic
 22109 | D:13     | Reached skill level 13 in Axes
 22137 | D:13     | You fall into a shaft and drop 1 floor!
 22180 | D:14     | Found a radiant altar of Vehumet.
 22260 | D:14     | Noticed a stone giant
 22283 | D:14     | Killed a stone giant
 22320 | D:14     | Identified the ring of Ynaeh {rF+ rN+ Int+5}
 22492 | D:14     | Reached skill level 5 in Air Magic
 22707 | D:14     | Found a gate to the Vaults.
 22919 | D:15     | Entered Level 15 of the Dungeon
 22949 | D:15     | Reached XP level 15. HP: 70/105 MP: 20/25
 23008 | D:15     | Reached skill level 14 in Axes
 23062 | D:15     | Found a staircase to the Depths.
 23183 | D:15     | Identified the +6 bardiche "Witen" {pain, *Noise +Blink
                  | rElec rC+ Str+4}
 23526 | D:15     | Found a runed translucent door.
 23527 | D:15     | Found a shimmering altar of Xom.
 23527 | D:15     | Noticed wrhowe's ghost (journeyman MiBe)
 23528 | D:15     | Identified the +1 broad axe of Imyum {chaos, rC++}
 23620 | D:15     | Reached skill level 15 in Axes
 23642 | D:15     | Killed wrhowe's ghost
 23708 | Depths:1 | Entered Level 1 of the Depths
 24155 | D:15     | Reached skill level 16 in Axes
 24205 | Depths:1 | Noticed a tengu reaver
 24219 | D:15     | Killed from afar by a tengu reaver

Illustrated notes

Levels and vault maps discovered:
D:1:      dpeg_arrival_round_b, layout_basic
D:2:      layout_loops_corners, uniq_crazy_yiuf_cottage
D:3:      layout_loops_cross, serial_shops, shop
D:4:      layout_basic, cheibrodos_sewer_entry_bend
D:5:      layout_basic, minmay_temple_entry_gardened_gates, uniq_sigmund
D:6:      layout_gridville, mainiacjoe_overflow_paths, serial_shops, shop,
          serial_park_tiny_1, uniq_duvessa
D:7:      layout_rooms, serial_co_window_serial, co_window_paths_b,
          co_window_of_opportunity_a, co_window_paths_a, co_window_paths_a,
          co_window_corner_a, co_window_of_opportunity_a,
          co_window_of_opportunity_a, co_window_corner_a, co_window_corner_a,
          co_window_corner_b, co_window_broadway_b, co_window_broadway_c,
          co_window_4corner_b, uniq_maggie, uniq_harold
D:8:      minmay_the_grid_plus_closed [minmay_the_grid_doors, minmay_the_grid_x,
          minmay_the_grid_large_cup, minmay_the_grid_pillar_ring,
          minmay_the_grid_prize_trominoes], layout_basic, trog_book,
          corexii_leaking_fountain
D:9:      minmay_blocky_corners, layout_stronghold,
          grunt_temple_overflow_lords_of_destruction,
          mainiacjoe_overflow_catch_the_wave, david_lair_shrubbed, orc_david_3,
          serial_shops, nicolae_square_shop
D:10:     layout_grid_maze, minmay_misc_feat_enclosed, minmay_fountain_box
D:11:     layout_layer_cave, uniq_maurice
D:12:     layout_loops_corners, uniq_jorgrun
D:13:     layout_big_octagon, roderic_roman_lattice, grunt_ogre_cave,
          kennysheep_generic_room_15
D:14:     cheibrodos_monumental, layout_irregular_city, david_vaults_2,
          vehumet_crystals
D:15:     gammafunk_depths_entry_grave, layout_layer_cave, ebering_ghost_xom
Temple:   nicolae_temple_x_marks_the_god
Lair:1:   layout_chaotic_city, serial_bayou, serial_bayou_ford_a,
          serial_bayou_lake_a, serial_bayou_pond_a, serial_bayou_shore_a,
          chequers_serial_rivers_room_b
Lair:2:   layout_roguey, beast_lair_carwin_3
Lair:3:   layout_gridlike, elwin_shoals_entry_stream,
          minmay_snake_entry_guardpost_small, grunt_forest_small_clearings,
          serial_bayou_crossing, grunt_megastairs_1, infiniplex_staircase_pool,
          minmay_lair_oklob_chamber
Lair:4:   layout_gridlike, portal_ice_cave_rime, uniq_rupert
Lair:5:   layout_cave_pods, uniq_josephine, uniq_urug
Lair:6:   grunt_lair_end_beastmaster, layout_cave_pods, slime_altar_1,
          kennysheep_rathole
Depths:1: layout_basic, hell_entry, ebering_ghost_disaster_area, serial_shops,
          shop, nicolae_ashenzari_panopticon, nicolae_shop_clearance

Skill      XL: |  1  2  3  4  5  6  7  8  9 10 11 12 13 14 15 |
---------------+----------------------------------------------+-----
Polearms       | 1 2 5 6 8 9 |  9.2
Axes           | 6 8 11 12 13 16 | 16.2
Fighting       | 3 5 6 |  6.2
Dodging        | 3 4 5 |  5.9
Invocations    | 3 4 6 7 |  7.0
Spellcasting   | 1 4 5 7 |  7.0
Transmutations | 4 9 10 11 12 | 12.0
Poison Magic   | 2 4 |  4.0
Earth Magic    | 4 9 10 | 10.0
Air Magic      | 5 6 |  6.0
Stealth        | |  7.2
Unarmed Combat | |  2.1

Action                   |  1- 3 |  4- 6 |  7- 9 | 10-12 | 13-15 || total
-------------------------+-------+-------+-------+-------+-------++-------
Melee: Halberd           |    39 |    33 |   189 |       |       ||   261
       Bite              |     3 |     7 |    26 |    95 |   149 ||   280
       Broad axe         |       |       |    92 |   490 |   495 ||  1077
       Punch             |       |       |     1 |     6 |     9 ||    16
       War axe           |       |       |       |    27 |   124 ||   151
Throw: Dart              |       |       |     2 |     3 |       ||     5
 Cast: Statue Form       |       |       |       |       |    48 ||    48
Invok: Temporal Distorti |       |       |       |       |     1 ||     1
       Slouch            |       |       |       |       |     3 ||     3
Evoke: Wand              |     5 |     3 |     8 |    16 |     9 ||    41
  Use: Scroll            |     3 |       |     5 |    11 |     8 ||    27
       Potion            |     1 |     1 |     3 |    11 |     9 ||    25
 Stab: Sleeping          |     7 |     4 |    28 |     8 |    13 ||    60
       Distracted        |     1 |       |     1 |       |     1 ||     3
       Paralysed         |       |       |    15 |     5 |       ||    20
       Invisible         |       |       |     1 |       |     7 ||     8
       Petrified         |       |       |       |     3 |     6 ||     9
       Petrifying        |       |       |       |     1 |     1 ||     2
Armor: Leather armour    |     6 |    11 |    53 |       |       ||    70
       Steam dragon scal |       |       |    27 |    83 |       ||   110
       Skin              |       |       |       |    10 |   476 ||   486
       Troll leather arm |       |       |       |    98 |   101 ||   199
       Robe              |       |       |       |    24 |     7 ||    31
Dodge: Dodged            |    20 |    17 |   150 |   393 |   941 ||  1521
Block: Other             |       |       |       |    89 |    32 ||   121
       Reflection        |       |       |       |     2 |       ||     2
